 Dungeon Crawl Stone Soup version 0.26.0-10-g1f06aea511 (webtiles) character file.

Game seed: 2385214011242084711

186 Frank the Skirmisher (level 5, -7/37 HPs)
             Began as an Octopode Fighter on Jan 20, 2021.
             Mangled by an ogre
             ... wielding a +0 giant spiked club
              (24 damage)
             ... on level 4 of the Dungeon.
             The game lasted 00:03:14 (3125 turns).

Frank the Skirmisher (Octopode Fighter)             Turns: 3125, Time: 00:03:14

Health: -7/37      AC:  1    Str: 16    XL:     5   Next: 65%
Magic:  5/5        EV: 12    Int: 10    God:
Gold:   171        SH: 10    Dex: 12    Spells: 4/4 levels left

rFire    . . .     SeeInvis +   a - +0 flail
rCold    . . .     Faith    .   b - +1 kite shield
rNeg     . . .     Spirit   .   (helmet restricted)
rPois    .         Reflect  .   (no amulet)
rElec    .         Harm     .   h - ring of see invisible
rCorr    .         Rampage  .   (no ring)
Will     .....                  (no ring)
Stlth    ++........             (no ring)
HPRegen  0.12/turn              (no ring)
MPRegen  0.09/turn              (no ring)
                                (no ring)
                                (no ring)

@: mighty
A: almost no armour, stealthy swim, amphibious, 8 rings, constrict 8, camouflage
1, gelatinous body 1
a: no special abilities


You were on level 4 of the Dungeon.
You visited 1 branch of the dungeon, and saw 4 of its levels.

You collected 171 gold pieces.

Inventory:

Hand Weapons
 a - a +0 flail (weapon)
Armour
 b - a +1 kite shield (worn)
Jewellery
 h - a ring of see invisible (left tentacle)
Wands
 k - a wand of enslavement (12)
Scrolls
 f - 4 scrolls of remove curse
 l - a scroll of identify
 m - 6 scrolls of teleportation
 q - a scroll of enchant armour
Potions
 c - a potion of might
 d - a potion of mutation
 e - 2 potions of heal wounds {unknown}
 g - 2 potions of ambrosia {unknown}
 i - a potion of attraction {unknown}
 j - a potion of magic {unknown}
 n - a potion of degeneration {unknown}
 p - a potion of curing {unknown}


   Skills:
 * Level 4.2 Fighting
 + Level 3.6 Maces & Flails
 + Level 3.6 Dodging
 + Level 3.7 Shields


You had 4 spell levels left.
You didn't know any spells.
Your spell library was empty.

Dungeon Overview and Level Annotations

Branches:
Dungeon (4/15)
 Temple: D:4-7

Altars:
Ashenzari
Kikubaaqudgha
Makhleb
Zin


Innate Abilities, Weirdness & Mutations

You cannot wear most types of armour.
You are very stealthy in the water. (Stealth+)
You are amphibious.
You can wear up to eight rings at the same time.
You can use your tentacles to constrict eight enemies at once.
Your skin changes colour to match your surroundings (Stealth+).
Your rubbery body absorbs attacks. (AC +1, EV +1)


Message History

No target in view!
No target in view!
No target in view!
No target in view!
No target in view!
No target in view!
No target in view!
No target in view!
Okay, then.
The ogre shouts!
The ogre hits you with a +0 giant spiked club!!
Ouch! That really hurt!
You feel very mighty all of a sudden. You block the ogre's attack.
You barely miss the ogre. The ogre barely misses you.
You sock the ogre!
The ogre is heavily wounded.
The ogre hits you with a +0 giant spiked club!!
Ouch! That really hurt!
You die...

#### ..... ....#
#....# #.....
.#.######...#
......O@...#
...#####...# #.
.#. #...##...
...#####..#...#
.#.....#....###
......#....###
.........?#..#
..........##....
..........#
#####


You could see an ogre.

Vanquished Creatures
  An orc wizard (D:3)
  Robin (D:3)
  4 adders
  2 oozes (D:3)
  4 worms
  2 dart slugs
  3 leopard geckos
  5 orcs (D:3)
  8 bats
  2 giant cockroaches
  10 hobgoblins
  3 quokkas
  4 frilled lizards
  18 goblins
  7 kobolds
  5 rats
79 creatures vanquished.

Notes
Turn   | Place    | Note
-------+----------+-------------------------------------------
     0 | D:1      | Frank the Octopode Fighter began the quest for the Orb.
     0 | D:1      | Reached XP level 1. HP: 16/16 MP: 1/1
   430 | D:1      | Reached XP level 2. HP: 21/21 MP: 2/2
   741 | D:1      | Reached XP level 3. HP: 26/26 MP: 3/3
  1290 | D:2      | Found a burning altar of Makhleb.
  1295 | D:2      | Found a glowing silver altar of Zin.
  1295 | D:2      | Noticed an angel
  1296 | D:2      | Noticed a green death
  1633 | D:3      | Reached XP level 4. HP: 33/33 MP: 4/4
  2224 | D:3      | Reached skill level 4 in Fighting
  2242 | D:3      | Found an ancient bone altar of Kikubaaqudgha.
  2245 | D:3      | Noticed Robin
  2262 | D:3      | Reached XP level 5. HP: 21/37 MP: 5/5
  2339 | D:3      | Killed Robin
  2988 | D:3      | Found a broken altar of Ashenzari.
  3115 | D:4      | Noticed an ogre
  3125 | D:4      | Mangled by an ogre

Illustrated notes

Levels and vault maps discovered:
D:1:      kennysheep_arrival_forest, layout_loops_cross
D:2:      layout_loops_ring, grunt_temple_overflow_order_and_chaos_2
D:3:      layout_basic, lemuel_crystal_altar, marbit_many_paths,
          kennysheep_pointless_box, uniq_robin
D:4:      layout_rooms, vehumet_crystals

Skill      XL: |  1  2  3  4 |
---------------+-------------+-----
Maces & Flails | 3 |  3.6
Fighting       | 4 |  4.2
Dodging        | |  3.6
Shields        | |  3.7

Action                   |  1- 3 |  4- 6 || total
-------------------------+-------+-------++-------
Melee: Flail             |    71 |    72 ||   143
       Constrict         |    16 |    20 ||    36
       Tentacles         |    15 |    18 ||    33
  Use: Scroll            |     5 |     2 ||     7
       Potion            |       |     2 ||     2
 Stab: Sleeping          |     7 |     5 ||    12
       Distracted        |     1 |       ||     1
Armor: Skin              |     9 |     1 ||    10
Dodge: Dodged            |    32 |    33 ||    65
Block: Kite shield       |    33 |    24 ||    57
